 Dungeon Crawl Stone Soup version 0.23.0-3-gf3c87f2 (webtiles) character file.

Game seed: 3990705457681877041

478 Borgoz the Cutter (level 7, -1/57 HPs)
             Began as a Ghoul Gladiator on Feb 23, 2019.
             Slain by a scorpion (4 damage)
             ... on level 5 of the Dungeon.
             The game lasted 00:07:06 (3035 turns).

Borgoz the Cutter (Ghoul Gladiator)                 Turns: 3035, Time: 00:07:07

Health: -1/57      AC:  6    Str: 16 (18) XL:     7   Next: 11%
Magic:  6/6        EV: 13    Int:  3 (5)  God:
Gold:   110        SH:  0    Dex: 10      Spells: 6/6 levels left

rFire    . . .     SeeInvis .   o - +0 dagger (speed)
rCold    + . .     Gourm    .   (no shield)
rNeg     + + +     Faith    .   b - +0 leather armour
rPois    ∞         Spirit   .   c - +0 helmet
rElec    .         Reflect  .   j - +0 cloak
rCorr    .         Harm     .   p - +0 pair of gloves
MR       .....                  (no boots)
Stlth    ++........             (no amulet)
HPRegen  0.00/turn              (no ring)
MPRegen  0.10/turn              (no ring)

@: rotting
A: rotting body, claws 1, carnivore, cold resistance 1, negative energy
resistance 3, inhibited regeneration, torment resistance, unbreathing
a: no special abilities


You were on level 5 of the Dungeon.
You were not hungry.

You visited 1 branch of the dungeon, and saw 5 of its levels.

You collected 110 gold pieces.

Inventory:

Hand Weapons
 o - a +0 dagger of speed (weapon)
Armour
 b - a +0 leather armour (worn)
 c - a +0 helmet (worn)
 j - a +0 cloak (worn)
 p - a +0 pair of gloves (worn)
Scrolls
 e - a scroll of fog
Comestibles
 f - 13 rations


   Skills:
 + Level 3.5 Fighting
 * Level 4.3 Short Blades
 + Level 2.7 Throwing
 + Level 2.0 Armour
 * Level 4.2 Dodging
 + Level 2.5 Stealth


You had 6 spell levels left.
You didn't know any spells.
Your spell library was empty.

Dungeon Overview and Level Annotations

Branches:
Dungeon (4/15)
 Temple: D:4-7

Altars:
Gozag

Annotations:
D:3 3 runed translucent doors, misha's ghost, amateur MfGl


Innate Abilities, Weirdness & Mutations

Your body is rotting away.
You thrive on raw meat.
You are immune to poison.
You have sharp fingernails.
You are carnivorous and can eat meat at any time.
Your flesh is cold resistant. (rC+)
You are immune to negative energy. (rN+++)
You do not regenerate when monsters are visible.
You are immune to unholy pain and torment.
You can survive without breathing.


Message History

You hit the scorpion.
The scorpion is moderately wounded.
The scorpion stings you.
* * * LOW HITPOINT WARNING * * *
You barely miss the scorpion.
The scorpion is moderately wounded.
You hit the scorpion but do no damage.
The scorpion is moderately wounded.
The scorpion barely misses you.
You hit the scorpion but do no damage.
The scorpion is moderately wounded.
You hit the scorpion but do no damage.
The scorpion is moderately wounded.
The scorpion stings you but does no damage.
You hit the scorpion.
The scorpion is heavily wounded.
You hit the scorpion.
The scorpion is severely wounded.
The scorpion stings you.
You die...

###### #### ##.....## ##..#
#$......## #...# ###
#........# #...# ######..
.........## #...###...÷...
..........####......÷..####
..........@##......##.....#
.........##s....#####[.....
........#####.### #.......
.......## #.# #.......
#.....# ... #....... #....#
....# #....... ##..# ......
#........ ### ......#
#..#.#.#. ......# #........


You could see a scorpion.

Vanquished Creatures
  Grinder (D:5)
  A bullfrog zombie (D:3)
  A worker ant (D:5)
  Natasha (thrice) (D:3)
  6 adders
  A worm (D:2)
  A dart slug (D:1)
  5 leopard geckos
  4 orcs
  2 ball pythons
  11 bats
  4 giant cockroaches
  10 goblins
  9 hobgoblins
  3 jackals (D:5)
  A quokka (D:3)
  4 frilled lizards
  5 kobolds
  5 rats
77 creatures vanquished.

Notes
Turn   | Place    | Note
-------+----------+-------------------------------------------
     0 | D:1      | Borgoz the Ghoul Gladiator began the quest for the Orb.
     0 | D:1      | Reached XP level 1. HP: 17/17 MP: 0/0
    74 | D:1      | Reached XP level 2. HP: 18/24 MP: 1/1
   794 | D:2      | Reached XP level 3. HP: 26/30 MP: 2/2
   828 | D:2      | Reached skill level 1 in Stealth
   969 | D:2      | Reached XP level 4. HP: 29/37 MP: 3/3
  1553 | D:3      | Reached skill level 1 in Armour
  1623 | D:3      | Found a runed translucent gate.
  1627 | D:3      | Found a runed translucent gate.
  1627 | D:3      | Found an opulent altar of Gozag.
  1628 | D:3      | Found a runed translucent gate.
  1628 | D:3      | Noticed misha's ghost (amateur MfGl)
  1756 | D:3      | Reached XP level 5. HP: 41/45 MP: 4/4
  2013 | D:3      | Noticed Natasha
  2049 | D:3      | Killed Natasha
  2148 | D:3      | Noticed Natasha
  2171 | D:3      | Killed Natasha
  2193 | D:3      | Found a faded altar of an unknown god.
  2337 | D:3      | Noticed Natasha
  2368 | D:3      | Killed Natasha
  2603 | D:4      | Reached XP level 6. HP: 29/51 MP: 5/5
  2633 | D:4      | You fall through a shaft!
  2633 | D:5      | Entered Level 5 of the Dungeon
  2852 | D:5      | Noticed Grinder
  2930 | D:5      | Paralysed by Grinder for 2 turns
  2949 | D:5      | Paralysed by Grinder for 2 turns
  2974 | D:5      | Killed Grinder
  2974 | D:5      | Reached XP level 7. HP: 8/57 MP: 6/6
  3035 | D:5      | Slain by a scorpion

Skill      XL: |  1  2  3  4  5  6 |
---------------+-------------------+-----
Short Blades   | 3 4 |  4.3
Dodging        | 3 4 |  4.2
Throwing       | 2 |  2.7
Stealth        | 1 2 |  2.5
Armour         | 1 2 |  2.0
Fighting       | 3 |  3.5

Action                   |  1- 3 |  4- 6 |  7- 9 || total
-------------------------+-------+-------+-------++-------
Melee: Rapier            |   130 |    31 |       ||   161
       Dagger            |       |   456 |    29 ||   485
Throw: Throwing net      |       |       |     3 ||     3
  Use: Potion            |       |    10 |       ||    10
       Scroll            |       |     7 |       ||     7
 Stab: Sleeping          |       |     1 |       ||     1
  Eat: Chunk             |     8 |    28 |       ||    36
Armor: Leather armour    |    52 |   105 |     2 ||   159
Dodge: Dodged            |    96 |   186 |     3 ||   285
